 Dungeon Crawl Stone Soup version 0.17.1-1-g73c8601 (webtiles) character file.

749 lumilar the Covered (level 7, -1/60 HPs)
             Began as a Hill Orc Fighter on Jan 7, 2016.
             Slain by an ogre
             ... wielding a +0 giant spiked club
              (5 damage)
             ... on level 4 of the Dungeon.
             The game lasted 00:25:34 (7441 turns).

lumilar the Covered (Hill Orc Fighter)              Turns: 7441, Time: 00:25:34

Health: -1/60      AC:  8    Str: 21    XL:     7   Next: 78%
Magic:  7/7        EV:  7    Int:  8    God:
Gold:   205        SH:  9    Dex: 10    Spells: 0 memorised, 6 levels left

rFire  . . .     SeeInvis .     a - +1 flail
rCold  . . .     Clarity  .     m - +0 scale mail
rNeg   . . .     SustAt   .     c - +0 shield
rPois  .         Gourm    .     (no helmet)
rElec  .         Spirit   .     (no cloak)
rCorr  .         Warding  .     l - +0 pair of gloves
rMut   .         Stasis   .     (no boots)
MR     .....                    (no amulet)
Stlth  ..........               (no ring)
                                (no ring)

@: heavily drained, not resistant to hostile enchantments, extremely unstealthy
A: no striking features
a: no special abilities


You were on level 4 of the Dungeon.
You were not hungry.

You visited 1 branch of the dungeon, and saw 5 of its levels.

You collected 205 gold pieces.

Inventory:

Hand Weapons
 a - a +1 flail (weapon)
 b - a +0 dagger
 d - a +5 short sword
 q - a +0 falchion of slicing
Armour
 c - a +0 shield (worn)
 l - a +0 pair of gloves (worn)
 m - a +0 scale mail (worn)
Wands
 o - a wand of slowing (23)
Scrolls
 g - a scroll of enchant weapon
 n - a scroll of teleportation
 r - a scroll of blinking
 t - 4 scrolls of remove curse
 u - 2 scrolls of recharging
Potions
 i - a potion of agility
 s - a potion of haste {unknown}
 w - a potion of lignification {unknown}
Comestibles
 e - 2 bread rations
 f - 3 meat rations
 p - 2 beef jerkies


   Skills:
 + Level 4.7(2.8) Fighting
 + Level 4.4(2.5) Maces & Flails
 + Level 6.2(4.2) Armour
 + Level 2.6(0.8) Dodging
 + Level 0.1(0.0) Stealth
 + Level 5.2(3.3) Shields
 + Level 0.2(0.0) Evocations


You had 6 spell levels left.
You didn't know any spells.

Dungeon Overview and Level Annotations

Branches:
Dungeon (5/15)
 Temple: D:4-7

Altars:
Cheibriados
Gozag
Kikubaaqudgha
Makhleb
Nemelex Xobeh
Ru
Trog

Annotations:
D:4 Eustachio
D:5 Blork the orc


Message History

The ogre shouts!
You hit the ogre but do no damage.
The ogre hits you with a giant spiked club!!
Your shield and scale mail prevent you from hitting the ogre.
The ogre closely misses you.
You thump the ogre!
The ogre is moderately wounded.
The ogre hits you with a giant spiked club!
You hit the ogre.
The ogre is heavily wounded.
You block the ogre's attack.
You hit the ogre.
The ogre is heavily wounded.
The ogre hits you with a giant spiked club!!
* * * LOW HITPOINT WARNING * * *
Unknown command.
You sock the ogre!
The ogre is almost dead.
The ogre hits you with a giant spiked club.
You die...

#...# #......?#
#####...#####....#########
##...........'....#....#...
#...##...#####....#....#...
#...##...# #....#._..)...
#...###### ######....#...
##'## ######....#...
#.###########....######...
####>.....!O@..'.....'..'....
#.......#'######....g####....
#.............##.....# #####
#.............########
#...[.........#
#####.#####.......#
#...#..)###########
#.#.##.....# #.#........#


You could see an ogre.

Vanquished Creatures
  Duvessa (D:4)
  An ogre (D:4)
  Dowan (D:4)
  Ijyb (D:3)
  4 orc wizards
  A worker ant (D:4)
  A centaur skeleton (D:4)
  Terence (D:2)
  Natasha (thrice) (D:2)
  An iguana (D:5)
  A hound zombie (D:3)
  A hound skeleton (D:4)
  4 gnolls (D:3)
  2 adders (D:2)
  A shadow imp (D:4)
  An adder zombie (D:3)
  2 worms (D:3)
  6 giant geckos
  16 orcs
  2 ball pythons
  3 giant cockroaches
  10 hobgoblins
  12 jackals
  6 kobolds
  12 bats
  2 giant gecko skeletons
  5 giant newts
  10 goblins
  11 rats
122 creatures vanquished.

Notes
Turn   | Place    | Note
--------------------------------------------------------------
     0 | D:1      | lumilar the Hill Orc Fighter began the quest for the Orb.
     0 | D:1      | Reached XP level 1. HP: 19/19 MP: 1/1
     1 | D:1      | Noticed a vine stalker skeleton
     8 | D:1      | Noticed an elf skeleton
    10 | D:1      | Noticed an elf skeleton
    13 | D:1      | Noticed a draconian skeleton
    14 | D:1      | Noticed a troll skeleton
    16 | D:1      | Noticed a minotaur skeleton
    20 | D:1      | Noticed an elf skeleton
   237 | D:1      | Reached XP level 2. HP: 27/27 MP: 2/2
   488 | D:1      | Reached XP level 3. HP: 33/33 MP: 3/3
   936 | D:2      | Found a bloodstained altar of Trog.
  1205 | D:2      | Reached skill level 4 in Fighting
  1393 | D:2      | Noticed Terence
  1410 | D:2      | Killed Terence
  1410 | D:2      | Reached skill level 1 in Dodging
  1410 | D:2      | Reached XP level 4. HP: 23/40 MP: 4/4
  1427 | D:2      | Found an ancient bone altar of Kikubaaqudgha.
  2060 | D:2      | Noticed Natasha
  2076 | D:2      | Killed Natasha
  2076 | D:2      | Reached XP level 5. HP: 31/46 MP: 5/5
  2271 | D:2      | Noticed Natasha
  2408 | D:2      | Killed Natasha
  2623 | D:2      | Noticed Natasha
  2629 | D:2      | Killed Natasha
  3233 | D:3      | Found a burning altar of Makhleb.
  3284 | D:3      | Noticed Ijyb
  3303 | D:3      | Killed Ijyb
  3303 | D:3      | Reached XP level 6. HP: 51/53 MP: 6/6
  3533 | D:3      | Found a sacrificial altar of Ru.
  3536 | D:3      | Found a snail-covered altar of Cheibriados.
  3548 | D:3      | Found a sparkling altar of Nemelex Xobeh.
  3548 | D:3      | Found an opulent altar of Gozag.
  4069 | D:4      | Reached skill level 5 in Armour
  4123 | D:4      | Noticed Duvessa
  4132 | D:4      | Noticed Dowan
  4452 | D:4      | Killed Duvessa
  4452 | D:4      | Reached XP level 7. HP: 11/60 MP: 7/7
  4786 | D:4      | Killed Dowan
  5460 | D:4      | Found a snail-covered altar of Cheibriados.
  5501 | D:4      | Reached skill level 5 in Shields
  5544 | D:4      | Reached skill level 6 in Armour
  6388 | D:5      | Entered Level 5 of the Dungeon
  6628 | D:5      | Noticed Eustachio
  6689 | D:5      | Noticed Blork the orc
  7441 | D:4      | Slain by an ogre

Action                   |  1- 3 |  4- 6 |  7- 9 || total
-------------------------+-------+-------+-------++-------
Melee: Flail             |   115 |   275 |   156 ||   546
Evoke: Wand              |       |       |     2 ||     2
  Use: Scroll            |     5 |     3 |     4 ||    12
       Potion            |     1 |     4 |     1 ||     6
  Eat: Chunk             |     2 |     8 |     2 ||    12
       Fruit             |       |     1 |       ||     1
       Bread ration      |       |       |     2 ||     2
